 Dungeon Sprint DCSS version 0.19.4-8-ga85b6b9 (webtiles) character file.

4100000 protoss039 the Intangible (level 21, -24/224 HPs)
             Began as a Minotaur Gladiator on Feb 7, 2017.
             Was the Champion of Makhleb.
             Annihilated by The Servant
             ... wielding a +9 glaive of flaming
              (100 damage)
             ... in the Dungeon (Sprint VIII: "Arena of Blood").
             The game lasted 00:06:00 (41 turns).

protoss039 the Intangible (Minotaur Gladiator)        Turns: 41, Time: 00:06:00

Health: -24/224    AC:  6    Str: 27    XL:     21   Next: 64%
Magic:  6/51       EV: 31    Int:  5    God:    Makhleb [******]
Gold:   0          SH:  0    Dex: 14    Spells: 0 memorised, 74 levels left

rFire  . . .     SeeInvis .     l - +∞ Axe of Woe
rCold  . . .     Gourm    .     b - +0 leather armour
rNeg   . . .     Faith    .     (shield currently unavailable)
rPois  .         Spirit   .     c - +0 hat
rElec  .         Reflect  .     (no cloak)
rCorr  .         Harm     .     (no gloves)
MR     +....     NoTele   +     (no boots)
Stlth  +++++++++.               (no amulet)
                                n - +30 ring of slaying
                                m - +30 ring of slaying

@: no status effects
A: retaliatory headbutt, horns 2
a: Minor Destruction, Lesser Servant of Makhleb, Major Destruction, Greater
Servant of Makhleb, Renounce Religion


You were in the Dungeon.
You worshipped Makhleb.
Makhleb was exalted by your worship.
You were not hungry.

You visited 1 branch

Inventory:

Hand Weapons
 a - a +0 war axe
 l - the +∞ Axe of Woe (weapon)
   (You found it in the Dungeon)
Missiles
 d - 3 throwing nets (quivered)
Armour
 b - a +0 leather armour (worn)
 c - a +0 hat (worn)
Jewellery
 m - a +30 ring of slaying (left hand)
 n - a +30 ring of slaying (right hand)
Scrolls
 k - a scroll of blinking
Potions
 e - a potion of curing
 h - a potion of haste
 i - 2 potions of magic
 j - a potion of berserk rage
Comestibles
 f - a bread ration
 o - 11 chunks of flesh


   Skills:
 O Level 27 Fighting
 O Level 27 Axes
 + Level 20.1 Throwing
 O Level 27 Armour
 O Level 27 Dodging
 O Level 27 Stealth
 O Level 27 Unarmed Combat
 O Level 27 Spellcasting
 O Level 27 Invocations


You had 74 spell levels left.
You didn't know any spells.

Dungeon Overview and Level Annotations

Branches:
Dungeon (1/1)

Altars:
Makhleb

Annotations:
D The Servant


Innate Abilities, Weirdness & Mutations

You reflexively headbutt those who attack you in melee.
You have a pair of horns on your head.


Message History

You have mastered Spellcasting!
You need to enable at least one skill for training.
Your Throwing skill increases to level 20!
You are engulfed in roaring flames.
You hear a shout!
The sculptor of flesh moves out of view.
The destroyer blinks! x2
You hear a shout!
The Servant hits you from afar with a +9 glaive of flaming!!!!
Ouch! That really hurt!
The Servant burns you!!
* * * LOW HITPOINT WARNING * * *
Unknown command.
Unknown command.
You feel much better.
You are engulfed in roaring flames.
You hear a shout! x7
The destroyer blinks!
You hear a shout!
The Servant hits you from afar with a +9 glaive of flaming!!!!
You die... ...... .. ..... #. .D..# #.. ..z# ozO.

.###.. .D.###....
......###o...z...o
.%.C§._.o........
#V%.o§#.......
#_.<@§#...o...
.#..§o§#......#
...V%._§.@..o...V
..%..V###o........
.###.. ....###....
#.......# ...
#.......# .
...o.....
.oo......


You could see The Servant, an eight-headed meat hydra, 3 destroyers, 3 sculptors
of flesh, a large bag of meat (inner flame) and 5 bags of meat.

Vanquished Creatures
  2 vampire knights (D)
  10 ogres (D)
  11 orcs (D)
  A hill giant (D)
24 creatures vanquished.

Notes
Turn   | Place    | Note
-------+----------+-------------------------------------------
     0 | D        | protoss039 the Minotaur Gladiator began the quest for the Orb.
     0 | D        | Reached XP level 1. HP: 18/18 MP: 0/0
     3 | D        | Noticed a bag of meat
     4 | D        | Noticed a bag of meat
     4 | D        | Noticed a bag of meat
     4 | D        | Became a worshipper of Makhleb the Destroyer
     8 | D        | Killed a bag of meat
     8 | D        | Reached XP level 2. HP: 44/44 MP: 0/8
     8 | D        | Reached XP level 3. HP: 50/50 MP: 0/9
     8 | D        | Reached XP level 4. HP: 58/58 MP: 0/11
     8 | D        | Reached XP level 5. HP: 64/64 MP: 0/12
     8 | D        | Reached XP level 6. HP: 72/72 MP: 0/14
     8 | D        | Reached XP level 7. HP: 79/79 MP: 0/15
     8 | D        | Reached XP level 8. HP: 86/86 MP: 0/16
     8 | D        | Reached XP level 9. HP: 93/93 MP: 0/17
     8 | D        | Reached XP level 10. HP: 101/101 MP: 0/18
     8 | D        | Reached XP level 11. HP: 107/107 MP: 0/19
     9 | D        | Noticed a meat berserker
     9 | D        | Killed a bag of meat
     9 | D        | Reached * piety under Makhleb
     9 | D        | Reached skill level 15 in Fighting
     9 | D        | Reached XP level 12. HP: 121/121 MP: 0/21
     9 | D        | Killed a bag of meat
     9 | D        | Reached XP level 13. HP: 130/130 MP: 0/23
    13 | D        | Noticed a meat berserker
    13 | D        | Noticed a bag of meat
    13 | D        | Killed a meat berserker
    13 | D        | Reached skill level 27 in Dodging
    13 | D        | Reached XP level 14. HP: 82/146 MP: 1/25
    18 | D        | Killed a meat berserker
    18 | D        | Reached ** piety under Makhleb
    18 | D        | Reached XP level 15. HP: 91/160 MP: 1/27
    19 | D        | Noticed a meat berserker
    20 | D        | Noticed a meat berserker
    22 | D        | Reached skill level 27 in Axes
    23 | D        | Killed a meat berserker
    23 | D        | Reached skill level 27 in Fighting
    23 | D        | Reached skill level 5 in Armour
    23 | D        | Reached XP level 16. HP: 162/183 MP: 2/31
    24 | D        | Killed a meat berserker
    24 | D        | Reached *** piety under Makhleb
    24 | D        | Reached XP level 17. HP: 191/191 MP: 3/33
    25 | D        | Noticed a meat berserker
    25 | D        | Noticed a meat berserker
    26 | D        | Noticed a meat berserker
    26 | D        | Noticed a destroyer
    27 | D        | Noticed a large bag of meat
    27 | D        | Noticed a destroyer
    28 | D        | Killed a meat berserker
    28 | D        | Reached skill level 27 in Invocations
    32 | D        | Noticed a meat berserker
    32 | D        | Noticed a meat berserker
    32 | D        | Killed a meat berserker
    32 | D        | Reached skill level 27 in Armour
    32 | D        | Reached XP level 18. HP: 200/200 MP: 4/34
    32 | D        | Killed a destroyer
    32 | D        | Reached **** piety under Makhleb
    33 | D        | Noticed The Servant
    33 | D        | Reached XP level 19. HP: 207/207 MP: 4/35
    34 | D        | Noticed a meat berserker
    34 | D        | Noticed a destroyer
    34 | D        | Killed a large bag of meat
    34 | D        | Reached skill level 5 in Spellcasting
    34 | D        | Reached ***** piety under Makhleb
    35 | D        | Noticed a meat berserker
    35 | D        | Noticed an eight-headed meat hydra
    35 | D        | Reached skill level 10 in Spellcasting
    36 | D        | Reached skill level 27 in Stealth
    37 | D        | Noticed a destroyer
    37 | D        | Killed a meat berserker
    37 | D        | Reached XP level 20. HP: 97/216 MP: 5/36
    37 | D        | Reached skill level 15 in Spellcasting
    38 | D        | Killed a meat berserker
    39 | D        | Noticed a destroyer
    40 | D        | Noticed a meat berserker
    40 | D        | Killed a destroyer
    40 | D        | Reached skill level 27 in Unarmed Combat
    40 | D        | Reached XP level 21. HP: 224/224 MP: 6/45
    40 | D        | Reached ****** piety under Makhleb
    40 | D        | Reached skill level 27 in Spellcasting
    41 | D        | Annihilated by The Servant

Skill      XL: |  1  2  3  4  5  6  7  8  9 10 11 12 13 14 15 16 17 18 19 20 21 |
---------------+----------------------------------------------------------------+-----
Fighting       | 13 15 16 19 22 27 | 27.0
Axes           | 16 18 20 23 26 27 | 27.0
Dodging        | 20 23 25 27 | 27.0
Invocations    | 12 13 14 17 19 24 26 27 | 27.0
Armour         | 3 5 17 27 | 27.0
Throwing       | 11 19 20 | 20.1
Stealth        | 14 25 27 | 27.0
Unarmed Combat | 19 27 | 27.0
Spellcasting   | 13 21 27 | 27.0

Action                   |  1- 3 |  4- 6 |  7- 9 | 10-12 | 13-15 | 16-18 | 19-21 || total
-------------------------+-------+-------+-------+-------+-------+-------+-------++-------
Melee: Executioner's axe |     1 |       |       |     1 |     4 |     4 |     6 ||    16
  Use: Potion            |       |       |       |       |       |       |     1 ||     1
Dodge: Dodged            |       |       |       |       |       |     1 |     1 ||     2
